cohdb
Replays
Latest Replays
All Replays
Popular Replays
Top Player Replays
Match Explorer
How It Works
Community
CoH3 Stats
Reddit
Sign in to upload your games and track your stats! →
Sign in with Steam
Match 43561705
Unlisted
Match 43561705
Overview
Messages
Build Orders
End
Kettenkrad Recon Vehicle
Construct Infanterie Kompanie
Selects Luftwaffe Battlegroup
Selects Luftwaffe Pioneer Support
MG 42 Machine Gun Team
Grenadier Squad
Grenadier Squad
Medical Station
Selects Stuka Strafing Run
Grenadier Squad
Stuka Strafing Run
Construct Luftwaffe Kompanie
Stuka Strafing Run
Support Elements
GrW 34 Mortar Team
Selects Fallschirmjäger Squad Paradrop
Selects Flak 38 Anti-Air Emplacement
Wirbelwind Flakpanzer
Stuka Strafing Run
Pioneer Squad
Stuka Strafing Run
Stuka Strafing Run
MG 42 Machine Gun Team
Construct Panzer Kompanie
Stuka Strafing Run
Selects Fragmentation Bombs
Selects Flak 36 Anti-tank Gun Emplacement
Fragmentation Bombs
Jäger Squad
Fragmentation Bombs
Stuka Strafing Run
Panzer IV Medium Tank
Grenadier Squad
Stuka Strafing Run
Fragmentation Bombs
Panzer IV Medium Tank
Stuka Strafing Run
Stuka Strafing Run
Panzer IV Medium Tank
Grenadier Squad
Pioneer Squad
Stuka Strafing Run
Stuka Strafing Run
Stuka Strafing Run
Fragmentation Bombs
Sturmpanzer IV Brummbär
Stuka Strafing Run
Fallschirmjäger Squad Paradrop
Stuka Strafing Run
Stuka Strafing Run
Stuka Strafing Run
Stuka Strafing Run
Panzer IV Medium Tank
Panzer IV Medium Tank
Stuka Strafing Run
Fallschirmpioneer Squad Paradrop
Stuka Strafing Run
Panzer IV Medium Tank
Gracie Barra
robwarrior
0
0
Comments
sign in to comment!
No comments posted yet!